 Dungeon Crawl Stone Soup version 0.28.0-1-gb440e238dd (webtiles) character file.

Game seed: 3846289588968737562

10 Ablot the Grasshopper (level 2, -1/26 HPs)
             Began as a Gnoll Warper on Feb 26, 2022.
             Slain by Terence (6 damage)
             ... on level 2 of the Dungeon.
             The game lasted 00:00:45 (410 turns).

Ablot the Grasshopper (Gnoll Warper)                 Turns: 410, Time: 00:00:46

Health: -1/26      AC:  3    Str: 10    XL:     2   Next: 20%
Magic:  7/7        EV: 12    Int: 12    God:
Gold:   17         SH:  0    Dex: 11    Spells: 10/10 levels left

rFire   . . .      SeeInvis .   a - +0 spear
rCold   . . .      Faith    .   (no shield)
rNeg    . . .      Spirit   .   b - +0 leather armour
rPois   .          Reflect  .   (no helmet)
rElec   .          Harm     .   (no cloak)
rCorr   .          Rampage  .   (no gloves)
Will    .....                   (no boots)
Stlth   +.........              (no amulet)
HPRegen 0.08/turn               (no ring)
MPRegen 0.10/turn               (no ring)

@: no status effects
A: fangs 1, strong nose, distributed training
a: no special abilities


You were on level 2 of the Dungeon.
You visited 1 branch of the dungeon, and saw 2 of its levels.

You collected 17 gold pieces.

Inventory:

Hand Weapons
 a - a +0 spear (weapon)
Missiles
 d - 5 boomerangs of dispersal (quivered)
 e - 5 stones
Armour
 b - a +0 leather armour (worn)
Scrolls
 c - a scroll of blinking
 g - a scroll of teleportation {unknown}
Potions
 f - a potion of might {unknown}


   Skills:
 + Level 4.4 Fighting
 + Level 0.3 Short Blades
 + Level 0.3 Long Blades
 + Level 0.3 Axes
 + Level 0.3 Maces & Flails
 + Level 4.4 Polearms
 + Level 0.3 Staves
 + Level 0.3 Slings
 + Level 0.3 Bows
 + Level 0.3 Crossbows
 + Level 2.4 Throwing
 + Level 2.4 Armour
 + Level 4.4 Dodging
 + Level 0.3 Stealth
 + Level 0.3 Shields
 + Level 0.3 Unarmed Combat
 + Level 4.9 Spellcasting
 + Level 0.2 Conjurations
 + Level 0.2 Hexes
 + Level 0.2 Summonings
 + Level 0.2 Necromancy
 + Level 5.3 Translocations
 + Level 0.2 Transmutations
 + Level 0.2 Fire Magic
 + Level 0.2 Ice Magic
 + Level 0.2 Air Magic
 + Level 0.2 Earth Magic
 + Level 0.2 Poison Magic
 + Level 0.4 Invocations
 + Level 0.3 Evocations


You had 10 spell levels left.
You didn't know any spells.
Your spell library contained the following spells:

 Spells                   Type           Power      Damage    Failure   Level
 Blink                    Tloc           30%        N/A       4%          2
 Gell's Gravitas          Tloc           15%        N/A       9%          3
 Lesser Beckoning         Tloc           15%        N/A       9%          3
 Teleport Other           Tloc           15%        N/A       9%          3
 Swiftness                Air            3%         N/A       58%         3
 Manifold Assault         Tloc           15%        N/A       63%         5
 Summon Lightning Spire   Summ/Air       3%         N/A       94%         4
 Alistair's Intoxication  Tmut/Pois      2%         N/A       100%        5


Dungeon Overview and Level Annotations

Branches:
Dungeon (1/15)

Altars:

Annotations:
D:2 Terence


Innate Abilities, Weirdness & Mutations

You have very sharp teeth.
Your uncanny sense of smell can sniff out nearby items.
Your experience applies equally to all skills.


Message History

You are too injured to fight recklessly!
You are too injured to fight recklessly!
Reach: a) +0 spear
Press: ? - help, Dir - move target, f/p - Terence
Aim: Terence, wielding a +0 trident and wearing a +0 ring mail (severely wounded, about 34% to evade your +0 spear)
You reach to attack!
You hit Terence.
Terence is almost dead.
Terence barely misses you.
Reach: a) +0 spear
Press: ? - help, Dir - move target, f/p - Terence
Aim: Terence, wielding a +0 trident and wearing a +0 ring mail (almost dead, about 34% to evade your +0 spear)
You reach to attack!
You hit Terence but do no damage.
Terence is almost dead.
Terence barely misses you.
Reach: a) +0 spear
Press: ? - help, Dir - move target, f/p - Terence
Aim: Terence, wielding a +0 trident and wearing a +0 ring mail (almost dead, about 34% to evade your +0 spear)
You reach to attack!
You barely miss Terence.
Terence is almost dead.
Terence barely misses you.
Reach: a) +0 spear
Press: ? - help, Dir - move target, f/p - Terence
Aim: Terence, wielding a +0 trident and wearing a +0 ring mail (almost dead, about 34% to evade your +0 spear)
You reach to attack!
You barely miss Terence.
Terence is almost dead.
Terence hits you from afar with a +0 trident.
* * * LOW HITPOINT WARNING * * *
Reach: a) +0 spear
Press: ? - help, Dir - move target, f/p - Terence
Aim: Terence, wielding a +0 trident and wearing a +0 ring mail (almost dead, about 34% to evade your +0 spear)
You reach to attack!
You hit Terence.
Terence is almost dead.
Terence barely misses you.
Reach: a) +0 spear
Press: ? - help, Dir - move target, f/p - Terence
Aim: Terence, wielding a +0 trident and wearing a +0 ring mail (almost dead, about 34% to evade your +0 spear)
You reach to attack!
You barely miss Terence.
Terence is almost dead.
Terence hits you from afar with a +0 trident.
You die...

#[# #.#
.########.#
..........#
..........#
..........#
..........######
...............#
..........####@#
..........# #)#
.########## .@.
#...# #.).#
#...# #...#
#...#


You could see Terence.

Vanquished Creatures
  An endoplasm (D:1)
  4 goblins (D:1)
  3 kobolds
8 creatures vanquished.

Notes
Turn   | Place    | Note
-------+----------+-------------------------------------------
     0 | D:1      | Ablot the Gnoll Warper began the quest for the Orb.
     0 | D:1      | Reached XP level 1. HP: 20/20 MP: 6/6
    56 | D:1      | Reached XP level 2. HP: 10/26 MP: 7/7
    69 | D:1      | Got the Guide on Contamination and the Birds
   378 | D:1      | You fall into a shaft and drop 1 floor!
   385 | D:2      | Noticed Terence
   410 | D:2      | Slain by Terence

Illustrated notes

Levels and vault maps discovered:
D:1:      minmay_arrival_open_corners, layout_basic, minmay_tripent
D:2:      layout_basic, basic_altar, chequers_ecumenical_altar_simple_redux,
          uniq_sigmund, uniq_terence

Action                   || total
-------------------------++-------
Melee: Spear             ||    59
       Bite              ||     4
       Punch             ||     1
Armor: Leather armour    ||     9
Dodge: Dodged            ||    23
